 Dungeon Crawl Stone Soup version 0.17-a0-465-g279efb6 (webtiles) character file.

606 rocketboy the Skirmisher (level 7, 0/61 HPs)
             Began as a Minotaur Berserker on Apr 6, 2015.
             Was a Priest of Trog.
             Slain by a gnoll
             ... wielding a +1 halberd of venom
              (6 damage)
             ... on level 5 of the Dungeon.
             The game lasted 01:05:13 (4211 turns).

rocketboy the Skirmisher (Minotaur Berserker)       Turns: 4211, Time: 01:05:18

Health: 0/61       AC: 10    Str: 24    XL:     7   Next: 19%
Magic:  5/5        EV:  9    Int:  2    God:    Trog [***...]
Gold:   148        SH:  0    Dex:  9    Spells: 0 memorised, 6 levels left

rFire  + . .     SeeInvis .     C - +0 flail
rCold  + . .     Clarity  .     E - +0 chain mail
rNeg   + . .     SustAb   +     (no shield)
rPois  +         Gourm    .     r - +1 hat
rElec  +         Spirit   .     (no cloak)
rCorr  +         Warding  .     (no gloves)
rMut   .         Stasis   .     (no boots)
MR     +....                    (no amulet)
Stlth  ..........               i - ring of positive energy
                                d - ring of sustain abilities

@: lethally poisoned (0 -> -18), resistant, somewhat resistant to hostile
enchantments, extremely unstealthy
A: retaliatory headbutt, horns 2, dopey 1, low mp 1, magic resistance 1
a: Burn Spellbooks, Berserk, Trog's Hand, Renounce Religion


You were on level 5 of the Dungeon.
You worshipped Trog.
Trog was most pleased with you.
You were not hungry.

You visited 1 branch of the dungeon, and saw 5 of its levels.

You collected 148 gold pieces.

Inventory:

Hand weapons
 a - a +1 hand axe
 k - a cursed -2 hunting sling
 C - a +0 flail (weapon)
Missiles
 l - 19 sling bullets
 m - 13 bolts of flame
 u - a tomahawk (quivered)
Armour
 r - a +1 hat (worn)
 E - a +0 chain mail (worn)
Jewellery
 d - a ring of sustain abilities (left hand)
 g - a cursed -2 ring of protection {unknown}
 i - a ring of positive energy (right hand)
 v - a +5 ring of evasion {unknown}
Magical devices
 f - a wand of flame (36)
Scrolls
 e - a scroll of remove curse
 h - 4 scrolls of identify
 j - a scroll of enchant weapon
 p - a scroll of fog
 q - a scroll of magic mapping {unknown}
 t - a scroll of teleportation {unknown}
 z - a scroll of blinking {unknown}
 D - a scroll of noise
Potions
 n - a potion of berserk rage
 x - a potion of haste
Comestibles
 s - 6 fruits


   Skills:
 + Level 5.5 Fighting
 + Level 5.5(5.6) Axes
 + Level 0.8(3.5) Maces & Flails
 + Level 5.4 Armour
 + Level 4.7 Dodging
 + Level 0.8 Stealth


You had 6 spell levels left.
You didn't know any spells.

Dungeon Overview and Level Annotations

Branches:
Dungeon (5/15)
 Temple: D:4-7

Altars:
Makhleb
Nemelex Xobeh
Ru
Zin


Innate Abilities, Weirdness & Mutations

You reflexively headbutt those who attack you in melee.
You have a pair of horns on your head.
You are dopey. (Int -2)
Your magical capacity is low (-10% MP).
You are resistant to hostile enchantments.


Message History

You barely miss the worker ant zombie.
You feel sick. The gnoll hits you with a club.
The gnoll hits you but does no damage.
The worker ant zombie bites you but does no damage.
You hit the worker ant zombie. You headbutt the worker ant zombie!
You feel sick. The gnoll hits you but does no damage.
The gnoll hits you with a halberd of venom!
* * * LOW HITPOINT WARNING * * *
You are more poisoned.
You hit the worker ant zombie.
You destroy the worker ant zombie!
* * * LOW HITPOINT WARNING * * *
You feel sick. The gnoll hits you but does no damage.
The gnoll barely misses you.
You sock the gnoll!
You kill the gnoll!
Trog accepts your kill.
* * * LOW HITPOINT WARNING * * *
You feel sick.
The gnoll hits you with a halberd of venom.
You die...

. .# Z# .# .# .#
.######
##########........
#$?.##o@..........
#..<.gg###########
###...###........
.......+ ..#####
####s..###...(...
>.....gg<........
...#........#.###
.?......s......
..######.......


You could see a gnoll shaman, a gnoll and an orc.

Vanquished Creatures
  The ghost of Herrn the Skirmisher, an average NaFi of Okawaru (D:4)
  The ghost of pekapeka the Ducker, an average HEMo (D:3)
  Jessica (D:2)
  Natasha (D:2)
  A worker ant (D:4)
  A worker ant zombie (D:5)
  10 gnolls
  10 adders
  2 worms
  An ooze (D:3)
  4 orcs
  11 bats
  2 bat skeletons (D:4)
  7 giant cockroaches
  13 hobgoblins
  6 kobolds
  A quokka (D:3)
  A ball python (D:1)
  3 giant newts
  16 goblins
  6 jackals
  8 rats
  A plant (D:4)
108 creatures vanquished.

Notes
Turn   | Place    | Note
--------------------------------------------------------------
     0 | D:1      | rocketboy, the Minotaur Berserker, began the quest for the Orb.
     0 | D:1      | Reached XP level 1. HP: 19/19 MP: 0/0
   274 | D:1      | Reached XP level 2. HP: 20/27 MP: 1/1
   355 | D:1      | Reached skill level 4 in Fighting
   917 | D:2      | Reached XP level 3. HP: 33/33 MP: 2/2
  1333 | D:2      | Noticed Jessica
  1341 | D:2      | Killed Jessica
  1341 | D:2      | Reached XP level 4. HP: 9/41 MP: 3/3
  1784 | D:2      | Acquired Trog's second power
  1845 | D:2      | Noticed Natasha
  1852 | D:2      | Killed Natasha
  1988 | D:2      | Found a glowing silver altar of Zin.
  2183 | D:3      | Reached XP level 5. HP: 45/47 MP: 4/4
  2293 | D:3      | Gained mutation: You are resistant to hostile enchantments. [potion of mutation]
  2293 | D:3      | Gained mutation: You are dopey. (Int -2) [potion of mutation]
  2293 | D:3      | Gained mutation: Your magical capacity is low (-10% MP). [potion of mutation]
  2407 | D:3      | Noticed pekapeka's ghost (average HEMo)
  2421 | D:3      | Killed pekapeka's ghost
  2421 | D:3      | Reached skill level 5 in Axes
  2699 | D:3      | Reached skill level 5 in Fighting
  2699 | D:3      | Reached XP level 6. HP: 53/56 MP: 4/4
  3280 | D:4      | Found a sparkling altar of Nemelex Xobeh.
  3628 | D:4      | Found a burning altar of Makhleb.
  3628 | D:4      | Found a sacrificial altar of Ru.
  3664 | D:4      | Noticed Herrn's ghost (average NaFi)
  3675 | D:4      | Killed Herrn's ghost
  3675 | D:4      | Reached skill level 5 in Armour
  3695 | D:4      | Reached XP level 7. HP: 49/61 MP: 5/5
  4090 | D:5      | Entered Level 5 of the Dungeon
  4206 | D:5      | HP: 2/61 [gnoll/halberd of venom (6)]
  4211 | D:5      | Slain by a gnoll

Action                   |  1- 3 |  4- 6 |  7- 9 || total
-------------------------+-------+-------+-------++-------
Melee: Hand axe          |    74 |   109 |       ||   183
       Flail             |       |    58 |    55 ||   113
  Use: Scroll            |     2 |     5 |       ||     7
       Potion            |     1 |     5 |     2 ||     8
  Eat: Meat ration       |       |     1 |       ||     1
       Beef jerky        |       |     2 |       ||     2
       Pizza             |       |     1 |       ||     1
       Bread ration      |       |       |     1 ||     1
